Cogmind - Beta 13 --- EXPLORER MODE // 2024.03.22 @ 10:57:45 Player: Ookami Result: Self-destructed Performance ------------- Evolutions (1) 500 Regions Visited (2) 400 Robots Destroyed (33) 165 Value Destroyed (361) 361 Prototype IDs (1) 20 Alien Tech Used (0) 0 Bonus (0) 0 TOTAL SCORE: 1446 Bonus ------- None Cogmind --------- Core Integrity 330/400 Matter 300/300 Energy 400/400 System Corruption 0% Temperature Cool (0) Movement Walking (190) Ox1 Location -9/Materials Parts ------- > --- POWER (2) -------- Ion Engine Ion Engine > --- PROPULSION (2) --- Aluminum Leg Aluminum Leg > --- UTILITY (3) ------ Medium Storage Unit Visual Processing Unit Light Armor Plating > --- WEAPON (3) ------- Improved EM Shotgun Improved EM Shotgun Improved EM Shotgun > --- INVENTORY (10) --- Wheel Medium Matter Pod (100) Light Armor Plating Medium Laser Medium Laser Beam Cannon Beam Cannon Particle Cannon Particle Cannon Improved Light Cannon Peak State ------------ > --- POWER ------------ Ion Engine Light Ion Engine > --- PROPULSION ------- Aluminum Leg Wheel > --- UTILITY ---------- Medium Storage Unit Visual Processing Unit Light Armor Plating > --- WEAPON ----------- Improved EM Shotgun Improved EM Shotgun Improved EM Shotgun > --- INVENTORY -------- Light Armor Plating Medium Laser Medium Laser Beam Cannon Beam Cannon Particle Cannon Particle Cannon Improved Light Cannon [Rating: 18] Favorites ----------- Power Ion Engine Engine Ion Engine Propulsion Light Treads Treads Light Treads Leg Aluminum Leg Wheel Wheel Flight Unit Flight Unit Utility Medium Storage Unit Device Structural Scanner Storage Medium Storage Unit Processor Visual Processing Unit Protection Light Armor Plating Weapon Medium Laser Energy Gun Medium Laser Energy Cannon Particle Cannon Ballistic Cannon Improved Light Cannon Build | -11 -10 -9 ------- Run | Yrd Mat Mat Slots Evolved 3 | . 1 2 Power 1 | . 1 . Propulsion . | . . . Utility 1 | . . 1 Weapon 1 | . . 1 Parts Attached 30 | 7 2 21 Power 6 | 1 2 3 Engine 6 | 1 2 3 Core . | . . . Reactor . | . . . Propulsion 7 | 2 . 5 Treads 2 | 2 . . Leg 2 | . . 2 Wheel 2 | . . 2 Hover . | . . . Flight 1 | . . 1 Utility 4 | 2 . 2 Device 1 | . . 1 Storage 1 | 1 . . Processor 1 | . . 1 Hackware . | . . . Protection 1 | 1 . . Artifact . | . . . Weapon 13 | 2 . 11 Energy Gun 5 | 2 . 3 Energy Cannon 6 | . . 6 Ballistic Gun . | . . . Ballistic Cannon 2 | . . 2 Launcher . | . . . Special Weapon . | . . . Impact Weapon . | . . . Slashing Weapon . | . . . Piercing Weapon . | . . . Special Melee Weapon . | . . . Unidentified Prototypes 1 | . . 1 Parts Lost . | . . . Power . | . . . Propulsion . | . . . Utility . | . . . Weapon . | . . . Highest Loss Streak . | . . . To Critical Strikes . | . . . Average Slot Usage (%) 98 | . 99 97 Engine 21 | . 24 20 Treads 17 | . 25 13 Leg 2 | . . 4 Wheel 1 | . . 1 Device 4 | . . 7 Storage 10 | . 12 10 Processor 1 | . . 2 Protection 10 | . 12 10 Energy Gun 15 | . 25 10 Energy Cannon 7 | . . 12 Ballistic Cannon 3 | . . 5 Naked Turns . | . . . Heaviest Build 36 | 22 27 36 Greatest Support 40 | 40 40 40 Greatest Overweight (x) 11 | . . 11 Average Overweight (x) . | . . 1 Largest Inventory Capacity 10 | 10 10 10 Average Capacity 9 | 9 10 10 Most Carried 10 | 3 3 10 Average Carried 2 | 1 1 3 Final Capacity 10 | 10 10 10 Final Carried 10 | 2 1 10 Class Distribution -------------------- 65% | Hacker-Mutant 34% | Hacker-Tank Dominant Class ---------------- Hacker-Mutant | -10/Materials Hacker-Tank | -9/Materials Resources | -11 -10 -9 ----------- Run | Yrd Mat Mat Matter Collected 778 | 270 20 488 Remotely . | . . . Salvage Created 1140 | 248 215 677 Parts 70 | 19 16 35 Haulers Intercepted 2 | . 1 1 Recyclers Shooed . | . . . Parts Field Recycled . | . . . Retrieved Matter . | . . . Parts Self-Destructed . | . . . Prevented . | . . . Kills | -11 -10 -9 ------- Run | Yrd Mat Mat Combat Hostiles Destroyed 10 | . 3 7 Guns 3 | . 3 . Cannons 7 | . . 7 Classes Destroyed 9 | 3 2 4 Worker 7 | 2 1 4 Builder 1 | . . 1 Tunneler 6 | 5 1 . Hauler 2 | . 1 1 Recycler 6 | 1 1 4 Watcher 1 | . . 1 Swarmer 5 | . 3 2 Grunt 4 | . . 4 Sentry 1 | . . 1 Best Kill Streak 4 | 3 2 4 Combat Bots Only 2 | . 2 2 Max Kills in Single Turn 1 | 1 1 1 Gunslinging . | . . . Exploded . | . . . Melee . | . . . Uniques/NPCs Destroyed . | . . . Combat | -11 -10 -9 -------- Run | Yrd Mat Mat Hostile Shots Fired 26 | . 8 18 Missed 9 | . 6 3 Damage Taken 182 | . 11 171 Core 76 | . 6 70 Absorbed by Shields . | . . . Ignored by Resistances 80 | . 7 73 Core Remaining (%) 98 | 100 97 . Volleys Fired 65 | 17 21 27 Largest 3 | 2 2 3 Hottest 175 | 100 100 175 Shots Fired 136 | 34 38 64 Gun 82 | 34 38 10 Cannon 54 | . . 54 Launcher . | . . . Special . | . . . Kinetic 19 | . . 19 Thermal 111 | 34 38 39 Explosive . | . . . Electromagnetic 6 | . . 6 Robot Hit Streak 16 | 16 10 13 Robot Miss Streak 2 | 1 2 2 Penetration Max . | . . . Secondary Targets . | . . . Shots Hit Robots 84 | 24 23 37 Core Hits 39 | 8 10 21 Critical Kills . | . . . Critical Parts Destroyed . | . . . Critical Strikes 7 | 2 4 1 Burn 7 | 2 4 1 Melee Attacks . | . . . Impact . | . . . Slashing . | . . . Piercing . | . . . Sneak Attacks . | . . . Combat Hostiles . | . . . Follow-up Attacks . | . . . Damage Inflicted 1328 | 301 293 734 Guns 662 | 301 290 71 Cannons 630 | . . 630 Explosions 33 | . . 33 Melee . | . . . Ramming 3 | . 3 . Kinetic 204 | . . 204 Thermal 1087 | 301 290 496 Explosive . | . . . Electromagnetic 34 | . . 34 Impact . | . . . Slashing . | . . . Piercing . | . . . Highest Corruption . | . . . Average Corruption . | . . . Corruption Purged . | . . . Corruption Blocked . | . . . Overload Shots . | . . . Overflow Damage . | . . . Projectiles . | . . . Explosions . | . . . Melee . | . . . Knockbacks 1 | . . 1 Impact . | . . . Kinetic 1 | . . 1 Secondary . | . . . Self-Inflicted Damage 13 | . . 13 Shots 1 | . . 1 Rammed 1 | . 1 . Targets Rammed 1 | . 1 . Kicked . | . . . Crushed . | . . . Highest Temperature 727 | 241 368 727 Average Temperature 168 | 92 125 237 Received Heat Transfer 60 | . . 60 Effects 43 | . 5 38 Shutdowns 13 | . 2 11 Energy Bleed 3 | . . 3 Interference 10 | . 3 7 Matter Decay 3 | . . 3 Short Circuit 4 | . . 4 Damage (minor) 3 | . . 3 Damage (major) 6 | . . 6 Damage (core) 1 | . . 1 Siege Activations . | . . . Robots Corrupted . | . . . Combat Hostiles . | . . . Parts Fried . | . . . Impact Corruptions . | . . . Robots Melted 1 | 1 . . Combat Hostiles . | . . . Parts Melted 10 | 4 3 3 Heat Transferred 3182 | 1036 1147 999 Parts Sabotaged . | . . . Parts Stolen . | . . . Parts Stripped . | . . . Power Chain Reactions 1 | . . 1 Alert | -11 -10 -9 ------- Run | Yrd Mat Mat Peak Influence 230 | 40 142 230 Initial 42 | . 19 42 Average 67 | 18 92 71 Maximum Alert Level 1 | . . 1 Low Security (%) 96 | 100 100 92 Level 1 3 | . . 7 Level 2 . | . . . Level 3 . | . . . Level 4 . | . . . Level 5 . | . . . High Security . | . . . Max Security . | . . . Squads Dispatched 1 | . . 1 Investigation . | . . . Extermination . | . . . Reinforcement 1 | . . 1 Assault . | . . . Garrison . | . . . Intercept . | . . . Searches Triggered . | . . . Construction Impeded . | . . . Haulers Reinforced . | . . . Active Scanning Responses . | . . . Cargo Convoy Interrupts . | . . . Stealth | -11 -10 -9 --------- Run | Yrd Mat Mat Distress Signals . | . . . Communications Jammed . | . . . Distress Signals . | . . . Times Spotted 16 | . 7 9 Peak Tracking Total 3 | . 3 2 Tactical Retreats 2 | . 1 1 Traps | -11 -10 -9 ------- Run | Yrd Mat Mat Traps Triggered . | . . . Indirectly . | . . . Trap Hack Attempts . | . . . Triggered . | . . . Disarmed . | . . . Reprogrammed . | . . . Reused . | . . . Traps Extracted . | . . . Installed . | . . . Triggered . | . . . Machines | -11 -10 -9 ---------- Run | Yrd Mat Mat Machines Disabled 2 | . . 2 Max in Single Turn 1 | . . 1 Machines Repaired . | . . . Machines Dismantled . | . . . Machines Sabotaged . | . . . Overloaded Fab Kills . | . . . Hacking | -11 -10 -9 --------- Run | Yrd Mat Mat Machines Accessed . | . . . Terminals . | . . . Fabricators . | . . . Repair Stations . | . . . Recycling Units . | . . . Scanalyzers . | . . . Garrison Access . | . . . Total Hacks . | . . . Successful . | . . . Failed . | . . . Catastrophic . | . . . Database Lockouts . | . . . Manual . | . . . Terminals . | . . . Fabricators . | . . . Repair Stations . | . . . Recycling Units . | . . . Scanalyzers . | . . . Garrison Access . | . . . Terminal Hacks . | . . . Fabricator Hacks . | . . . Repair Station Hacks . | . . . Recycling Unit Hacks . | . . . Scanalyzer . | . . . Garrison Access Hacks . | . . . Unauthorized Hacks . | . . . Terminals . | . . . Fabricators . | . . . Repair Stations . | . . . Recycling Units . | . . . Scanalyzers . | . . . Garrison Access . | . . . Data Cores Recovered . | . . . Used . | . . . Hacking Detections . | . . . Full Trace Events . | . . . Feedback Events . | . . . Feedback Blocked . | . . . Robot Schematics Acquired . | . . . Robots Built . | . . . Authchips . | . . . Time . | . . . Total Robot Build Rating . | . . . Part Schematics Acquired . | . . . Parts Built . | . . . Authchips . | . . . Time . | . . . Total Part Build Rating . | . . . Parts Repaired . | . . . Time . | . . . Parts Recycled . | . . . Recycled Matter . | . . . Retrieved Matter . | . . . Retrieved Components . | . . . Parts Scanalyzed . | . . . Part Schematics Acquired . | . . . Parts Damaged . | . . . Bothacking | -11 -10 -9 ------------ Run | Yrd Mat Mat Used RIF Installer . | . . . Robots Hacked . | . . . Non-combat . | . . . Combat . | . . . Robot Hacks Applied . | . . . Relay Couplers Released . | . . . Fabnet Peak Effective % . | . . . Robots Rewired . | . . . Allies Hacked . | . . . Hacks Repelled . | . . . Allies | -11 -10 -9 -------- Run | Yrd Mat Mat Total Allies . | . . . Largest Group . | . . . Highest-Rated Group . | . . . Highest-Rated Ally . | . . . Total Orders . | . . . Ally Attacks . | . . . Total Damage . | . . . Kills . | . . . Allies Corrupted . | . . . Allies Melted . | . . . Intel | -11 -10 -9 ------- Run | Yrd Mat Mat Robot Analysis Total . | . . . Derelict Logs Recovered . | . . . Drone Launches . | . . . Drone Recoveries . | . . . Exploration | -11 -10 -9 ------------- Run | Yrd Mat Mat Turns Passed 1307 | 260 372 675 Spaces Moved 611 | 123 188 300 Core 12 | 2 . 10 Treads 492 | 121 188 183 Legs 32 | . . 32 Wheels 75 | . . 75 Hover . | . . . Flight . | . . . Fastest Speed 50 | 50 160 110 Average Speed 167 | 158 160 176 Slowest Speed 600 | 160 160 600 Overloaded Moves . | . . . Propulsion Burnouts . | . . . Robots Hopped . | . . . Cave-ins Triggered . | . . . Exploration Rate (%) 21 | 7 33 25 Regions Visited 2 Branch Regions . Pre-discovered Areas . | . . . Known Exits Taken 2 | 1 1 . Unknown Exits Taken . | . . . Scrap Searched . | . . . Spaces Dug . | . . . Terrain Destroyed 2 | . . 2 Melee . | . . . Projectile 1 | . . 1 AOE 1 | . . 1 Terrain Rammed . | . . . Walls Destroyed . | . . . Machines Disabled . | . . . Actions | -11 -10 -9 --------- Run | Yrd Mat Mat Total 768 | 155 222 391 Wait 6 | . 5 1 Move 609 | 122 187 300 Hop . | . . . Pick Up 38 | 9 3 26 Fast Attach . | . . . Attach 14 | 7 2 5 Detach 1 | . . 1 Swap 16 | . . 16 Drop 18 | . 3 15 Fire 65 | 17 21 27 Melee . | . . . Ram . | . . . Kick . | . . . Crush 1 | . 1 . Escape Stasis . | . . . Rewire . | . . . Trap . | . . . Miscellaneous . | . . . Route ------- -11/Scrapyard -10/Materials -9/Materials History --------- Turn | Location | Event 57 | -11/Scrapyard | Identified exit to Materials 57 | -11/Scrapyard | Discovered exit to Materials (range 16) 261 | -11/Scrapyard | Entered Materials 261 | -10/Materials | Evolved 1 slot: Power x1 309 | -10/Materials | Build established: Hacker-Mutant 609 | -10/Materials | Identified exit to Materials 609 | -10/Materials | Discovered exit to Materials (range 15) 633 | -10/Materials | Entered another Materials area 633 | -9/Materials | Evolved 2 slots: Utility x1, Weapon x1 1308 | -9/Materials | Self-destructed Last Messages --------------- 01255_ Acquired Ion Engine. 01255_ K-01 Serf collects debris. 01257_ Dropped Lgt. Ion Engine. 01260_ Acquired 39 matter. 01260_ K-01 Serf collects debris. 01265_ Acquired Ion Engine. 01267_ K-01 Serf collects debris. 01268_ Dropped Ion Engine. 01268_ K-01 Serf destroyed. 01271_ Extracted 37 matter. 01273_ Acquired Med. Matter Pod. 01275_ R-06 Scavenger collects Ion Engine. 01279_ R-06 Scavenger collects Aluminum Leg. 01280_ Acquired 33 matter. 01282_ Chain reaction triggered in Lgt. Ion Engine. 01282_ R-06 Scavenger destroyed. 01282_ Processing Tank disabled. 01285_ Acquired 6 matter. 01286_ K-01 Serf collects debris. Map ----- +----------------------------------------------------+ | ?????????????????????????????????????????????????? | | ?????????????????????????????????????????????????? | | ?????????????????????????????????????????????????? | | ?????????????????????????????????????????????????? | | ?????????????????????????????????????????????????? | | ?????????????????????????????????????????????????? | | ?????????????????????????????????????????????????? | | ????????????????????????????????????????? ? ???? | | ???????????????????????????????????????? ???? | | ????????????????????????????????? ???? T #??? | | ????????????????????????????????# ???? #??? | | ????????????????????????????????# "??"" #??? | | ????????????????????????????????# """"" #??? | | ????????????????????????????????# """"" #??? | | ????????????????????????????????# ##?? | | ???????????????????????????###### #?? | | ??????????????????????###+## """"" #?? | | ??????????????????????# """"" #?? | | ??????????????????????# """"" ### | | ??????????????????????# """" # | | ??????????????????????# """" # " | | ??????????????????????# """" """"" # " | | ??????????????????????+ k """ # " | | ??????????????????????# [ * """ # " | | ??????????????????????# =%=*u * +%" | | ??????????????????????# @! =% %%!* #%" | | ??????????????????????# ! [;##### #!" | | ??????????????????????# # ## #### | | ??????????????????????# + "" ## #?##%" | | ??????????????????????# ######### # Y" ## #?##% | | ??????????????????????##+##???????# # "" ## #?##"# | | ??????????????????????????????????# # ## ####%# | | ??????????????????????????????????# # ! ## ####=# | | ??????????????????????????????????# #?#?### #### # | | ???????????????????????????????????/#?????# ###=|= | | ??????????????????????????????????? ?????# ###%]! | | ??????????????????????????????????? ? #### ###=]! | | ?????????????????????????????????# ? #### ###!== | | ?????????????????????????????????# ? # ##!%[ | | ????????????????????????????????## # ==!=* | | ????????????????????????????????## ] "% % [ * | | ????????????????????????????????## # ] | | ????????????????????????????????## ? # ##### | | ?????????????????????????????????# ??? ##^^ ###### | | ?????????????????????????????????????? ##^^ ###### | | ???????????????????????????????????????## # | | ???????????????????????????????????????## # | | ???????????????????????????????????????## # """ | | ??????????????????????????????########### # """ | | ??????????????????????????????########### # """ | +----------------------------------------------------+ Best States ------------- Heat Dissipation 28 Energy Generation 15 Energy Capacity 400 Matter Stores 300 Matter Capacity 300 Sight Range 18 Terrain Scan Density 10 Armor Coverage 150 Resistance: KI 35 Resistance: TH 35 Resistance: EX 35 Resistance: EM 35 Resistance: I 35 Resistance: S 35 Resistance: P 35 Evasion (%) 40 Recoil Reduction 2 Offensive Hacking 20 Item Schematics ----------------- None Robot Schematics ------------------ None Fabricated ------------ Nothing Alien Tech Used ----------------- None Achievements -------------- None Challenges ------------ None Game ------ Seed TargetStasisProcessor Manual? 0 Play Time 00:27:12 Cumulative 12.2 hours Start 2024.03.22 @ 10:18:40 End 2024.03.22 @ 10:57:45 Sessions 1 Manual Loads 0 Difficulty Explorer Special Mode None Game No. 10 Rogue 9 Adventurer 0 Explorer 1 Win Type - Total 0 Types 0/0/0/0/0/0/0/0/0 Lore% 4 Gallery% 11 Achievement% 12 Wizard Run 0 Options --------- Layout 1 ASCII 0 Keyboard 0 Movement Arrows Keybinds 0 Fullscreen 1 Font 24/Smallcaps Map View 50x35 Zoom Use 0% Tactical HUD 1 Map Filters NONE Filters NONE Steam 1 RUN: 3c8c975f-1ee2-4e96-86bd-f61a218834a5